AoeStats
← Lubuntu10.04LTS

Black Forest

510964796Analyzed
4v4 RM · 8h ago on Oct 3, 2026· 62m 39s· 8 players
Game mode
Random Map
Map size
Large (8 player)
Population
200
Speed
Normal
Resources
Standard
Victory
Conquest
Starting age
Dark Age
Ending age
Imperial Age
RankedLock teamsTeams togetherTeam positionsShared explorationLock speedFull tech treeHidden civsTurbo modeCheats
Victory
Defeat
🇦🇺 Japanese · Australia
812
+14
🇦🇺 Franks · Australia
784
+15
🇫🇷 Romans · France
764
+16
🇦🇺 Spanish · Australia
763
+16
🇲🇽 Khitans · Mexico
800
-17
🇯🇵 Portuguese · Japan
782
-16
🇨🇳 Persians · China
760
-15
🇱🇰 Shu · Sri Lanka
718
-13
ovo3000wh
0:31 Loom
12:25 Feudal Age
18:05 Castle Age
16:55 Double-Bit Axe
17:39 Gold Mining
17:30 Horse Collar
19:23 Stone Mining
21:49 Stone Shaft Mining
22:43 Herbal Medicine
23:18 Fishing Lines
24:52 Gillnets
25:51 Town Watch
27:40 Wheelbarrow
27:18 Bow Saw
32:56 Imperial Age
30:59 Heavy Plow
30:39 Pikeman
31:20 Squires
31:22 Kamandaran
32:21 Hand Cart
32:00 Fletching
32:12 Scale Mail Armor
32:17 Arson
33:39 Conscription
33:31 Caravan
33:57 Citadels
34:22 Bloodlines
33:50 Cavalier
34:31 Husbandry
33:54 Halberdier
34:47 Town Patrol
34:10 Light Cavalry
34:32 Crossbowman
35:18 Thumb Ring
35:16 Padded Archer Armor
35:12 Bodkin Arrow
37:28 Chemistry
35:54 Onager
37:22 Crop Rotation
37:50 Leather Archer Armor
39:21 Two-Man Saw
37:57 Savar
41:01 Scale Barding Armor
41:50 Forging
43:09 Elite War Elephant
45:09 Man-at-Arms
45:34 Gambesons
49:29 Elite Skirmisher
51:38 Heavy Camel Rider
54:07 Ballistics
Lubuntu10.04LTS
1:04 Loom
13:14 Feudal Age
13:48 Horse Collar
13:56 Double-Bit Axe
14:05 Gold Mining
15:39 Wheelbarrow
16:00 Stone Mining
21:34 Castle Age
19:30 Fishing Lines
26:05 Imperial Age
24:50 Bow Saw
26:13 Heavy Plow
26:09 Fletching
26:21 Padded Archer Armor
27:47 Conscription
27:53 Hand Cart
31:16 Two-Man Saw
31:20 Chemistry
31:20 Arquebus
31:54 Leather Archer Armor
31:35 Bodkin Arrow
32:06 Gillnets
34:31 Town Watch
35:37 Ring Archer Armor
35:09 Bracer
36:54 Town Patrol
37:02 Scale Barding Armor
37:08 Forging
36:59 Scale Mail Armor
37:32 Coinage
36:57 Treadmill Crane
37:22 Siege Engineers
46:26 Chain Barding Armor
46:21 Chain Mail Armor
46:42 Iron Casting
46:12 Elite Organ Gun
47:33 Plate Barding Armor
47:22 Ballistics
47:37 Banking
47:46 Masonry
47:57 Bombard Tower
47:34 Murder Holes
achalaayesh
3:48 Loom
12:56 Feudal Age
17:56 Horse Collar
20:29 Castle Age
19:52 Fletching
22:31 Thumb Ring
21:47 Crossbowman
22:59 Heavy Plow
22:49 Double-Bit Axe
23:02 Gold Mining
23:03 Stone Mining
26:45 Bow Saw
27:18 Wheelbarrow
30:09 Caravan
31:15 Bodkin Arrow
31:24 Padded Archer Armor
32:39 Coiled Serpent Array
36:00 Imperial Age
35:06 Gold Shaft Mining
35:37 Hand Cart
35:54 Ballistics
35:38 Murder Holes
35:34 Heated Shot
35:26 Treadmill Crane
37:43 Two-Man Saw
36:36 Town Watch
37:23 Conscription
37:08 Arbalester
40:01 Chemistry
39:37 Bolt Magazine
40:11 Town Patrol
41:17 Bracer
41:36 Leather Archer Armor
43:13 Elite White Feather Guard
45:15 Forging
45:08 Scale Mail Armor
iDaniielo :v
0:31 Loom
12:53 Feudal Age
14:12 Wheelbarrow
14:51 Fishing Lines
21:46 Castle Age
21:21 Stone Mining
21:25 Gold Mining
23:33 Hand Cart
23:10 Double-Bit Axe
23:08 Domestication
25:36 Gillnets
27:23 Bow Saw
27:16 Pastoralism
27:58 Stone Shaft Mining
31:38 Imperial Age
31:09 Lamellar Armor
35:19 Transhumance
36:05 Heavy Cavalry Archer
37:14 Parthian Tactics
40:14 Two-Man Saw
41:32 Chemistry
40:52 Ballistics
40:44 Fortified Wall
40:29 Murder Holes
40:45 Masonry
40:33 Elite Liao Dao
41:33 Conscription
42:13 Forging
41:54 Fletching
42:04 Padded Archer Armor
42:05 Scale Mail Armor
42:53 Ordo Cavalry
43:50 Iron Casting
43:10 Bodkin Arrow
43:31 Leather Archer Armor
47:30 Caravan
48:48 Elite Steppe Lancer
49:28 Husbandry
48:50 Heavy Camel Rider
49:53 Chain Mail Armor
49:54 Leather Archer Armor
49:40 Bracer
49:45 Scale Barding Armor
samaffleck1
12:59 Feudal Age
14:03 Horse Collar
14:10 Double-Bit Axe
20:13 Castle Age
20:30 Gold Mining
20:33 Stone Mining
23:51 Wheelbarrow
23:32 Bow Saw
23:25 Heavy Plow
24:02 Stone Shaft Mining
26:30 Caravan
27:09 Husbandry
27:19 Bloodlines
29:18 Hand Cart
35:50 Imperial Age
35:08 Ballistics
36:32 Forging
36:23 Scale Mail Armor
36:30 Scale Barding Armor
36:25 Padded Archer Armor
36:55 Conscription
37:06 Cavalier
38:17 Guilds
39:32 Chemistry
39:10 Iron Casting
38:51 Chain Mail Armor
38:26 Fletching
39:12 Elite Conquistador
40:48 Man-at-Arms
40:49 Pikeman
41:14 Arson
41:30 Squires
41:15 Gambesons
41:58 Halberdier
49:47 Two-Man Saw
49:59 Paladin
JR125941
14:22 Feudal Age
17:17 Double-Bit Axe
22:29 Castle Age
24:37 Scale Barding Armor
24:43 Forging
24:34 Scale Mail Armor
24:44 Gold Mining
28:48 Wheelbarrow
33:45 Imperial Age
32:19 Hand Cart
32:26 Ordonnance Companies
39:31 Cavalier
40:34 Chivalry
40:43 Elite Throwing Axeman
41:44 Conscription
42:00 Hoardings
41:41 Husbandry
42:20 Paladin
44:42 Chain Barding Armor
47:30 Iron Casting
48:54 Gold Shaft Mining
48:11 Stone Mining
48:18 Treadmill Crane
51:06 Blast Furnace
52:54 Plate Barding Armor
53:36 Chemistry
52:57 Ballistics
52:50 Fortified Wall
BabassLaMenace
9:41 Feudal Age
11:21 Fishing Lines
12:37 Double-Bit Axe
19:51 Castle Age
17:46 Horse Collar
18:15 Gold Mining
18:24 Stone Mining
19:41 Forging
19:32 Scale Mail Armor
21:05 Bow Saw
23:19 Gillnets
24:27 Gold Shaft Mining
23:57 Heavy Plow
23:31 Man-at-Arms
24:12 Squires
24:28 Long Swordsman
28:07 Coinage
27:38 Caravan
29:51 Wheelbarrow
29:03 Loom
32:59 Imperial Age
30:54 Hand Cart
30:25 Loom
30:26 Town Watch
31:18 Ballistics
31:10 Masonry
33:02 Town Patrol
33:08 Murder Holes
34:33 Chain Mail Armor
34:54 Iron Casting
35:01 Crop Rotation
35:45 Herbal Medicine
35:50 Devotion
36:01 Redemption
35:52 Atonement
36:02 Fervor
36:08 Block Printing
36:19 Illumination
36:19 Guilds
36:57 Banking
35:55 Legionary
37:12 Conscription
37:00 Ballistas
42:51 Blast Furnace
46:08 Heavy Scorpion
46:56 Siege Engineers
47:52 Chemistry
46:48 Guard Tower
52:02 Onager
53:26 Keep
53:04 Fortified Wall
57:13 Comitatenses
56:25 Sappers
56:16 Elite Centurion
58:39 Architecture
60:49 Fletching
61:00 Padded Archer Armor
61:05 Scale Barding Armor
61:24 Faith
60:35 Pikeman
60:54 Capped Ram
61:33 Bodkin Arrow
61:22 Halberdier
63:20 Leather Archer Armor
63:26 Chain Barding Armor
Harambe
0:26 Loom
15:43 Feudal Age
16:11 Double-Bit Axe
17:53 Wheelbarrow
18:52 Gold Mining
18:54 Stone Mining
19:25 Fishing Lines
25:11 Castle Age
26:11 Bow Saw
27:13 Caravan
27:41 Gillnets
28:31 Pikeman
29:12 Squires
30:01 Forging
29:51 Scale Mail Armor
36:09 Imperial Age
34:32 Fortified Wall
37:51 Chemistry
36:59 Siege Engineers
37:18 Kataparuto
36:33 Halberdier
37:14 Fletching
43:51 Conscription
44:43 Two-Man Saw
45:43 Hand Cart
51:12 Gold Shaft Mining
53:09 Iron Casting
52:49 Chain Mail Armor
54:09 Elite Samurai
57:12 Blast Furnace
56:43 Plate Mail Armor
58:14 Bodkin Arrow
Connection lost

Rejoining the realm…

Still unreachable

The connection could not be restored.

Session expired

The server has moved on; the page needs a fresh start.